 Dungeon Crawl Stone Soup version 0.20-a0-303-g575bbf7 (webtiles) character file.

77 Faca the Shield-Bearer (level 4, -6/37 HPs)
             Began as a Formicid Fighter on Dec 17, 2016.
             Killed by divine providence
             ... invoked by an orc priest
              (15 damage)
             ... on level 3 of the Dungeon.
             The game lasted 00:05:35 (1850 turns).

Faca the Shield-Bearer (Formicid Fighter)           Turns: 1850, Time: 00:05:37

Health: -6/37      AC: 17    Str: 21    XL:     4   Next: 58%
Magic:  4/4        EV:  4    Int:  7    God:
Gold:   103        SH:  9    Dex: 11    Spells: 3/3 levels left

rFire  . . .     SeeInvis +     a - +0 war axe
rCold  . . .     Gourm    .     o - +0 plate armour
rNeg   + + .     Faith    .     c - +0 shield
rPois  .         Spirit   .     (helmet unavailable)
rElec  .         Reflect  .     (no cloak)
rCorr  .         Harm     .     l - +2 pair of gloves
MR     .....                    m - +1 pair of boots (curse)
Stlth  ..........               (no amulet)
                                k - ring of positive energy
                                p - ring of positive energy

@: no status effects
A: permanent stasis, dig shafts and tunnels, four strong arms, antennae 3
a: Dig, Shaft Self


You were on level 3 of the Dungeon.
You were not hungry.

You visited 1 branch of the dungeon, and saw 3 of its levels.

You collected 103 gold pieces.

Inventory:

Hand Weapons
 a - a +0 war axe (weapon)
Armour
 c - a +0 shield (worn)
 l - a +2 pair of gloves (worn)
 m - a cursed +1 pair of boots (worn)
 o - a +0 plate armour (worn)
Jewellery
 k - a ring of positive energy (right hand)
 p - a ring of positive energy (left hand)
Scrolls
 n - 2 scrolls of remove curse
Potions
 b - 2 potions of curing
 d - a potion of might
 e - a potion of cure mutation
 h - a potion of flight {unknown}
 i - a potion of brilliance
 q - a potion of agility
Comestibles
 f - a bread ration
 g - a royal jelly
 j - 5 fruits
 r - a slice of pizza


   Skills:
 + Level 3.8 Fighting
 + Level 3.0 Axes
 + Level 4.0 Armour
 + Level 0.1 Dodging
 + Level 4.1 Shields


You had 3 spell levels left.
You didn't know any spells.

Dungeon Overview and Level Annotations

Branches:
Dungeon (3/15)

Altars:
Fedhas
Vehumet

Annotations:
D:3 Jessica


Innate Abilities, Weirdness & Mutations

You cannot be hasted, slowed, berserked, paralysed or teleported.
You can dig through walls and to a lower floor.
Your four strong arms can wield two-handed weapons with a shield.
You have a pair of large antennae on your head. (SInv)


Message History

Jessica blinks!
The worm bites you.
The orc priest calls down the wrath of Beogh upon you.
Beogh smites you!
* * * LOW HITPOINT WARNING * * *
You hit the worm but do no damage.
The worm is severely wounded.
The worm bites you but does no damage.
You slash the worm!
You kill the worm!
You slash the orc!
You kill the orc!
Jessica points at you and mumbles some strange words.
You are unaffected.
You hit Jessica.
Jessica is severely wounded.
Jessica casts a spell.
Jessica hits you but does no damage.
The orc priest invokes the aid of Beogh against you.
Beogh smites you!
You die...

#########
#o<.....#
#@###....>
#@# ...
#.# . #.#
#.# #.#
#.# #.#
#(# #.#


You could see an orc priest and Jessica.

Vanquished Creatures
  3 gnolls (D:2)
  An adder (D:2)
  A worm (D:3)
  2 leopard geckos (D:2)
  An orc (D:3)
  6 bats
  2 giant cockroaches
  A goblin (D:2)
  6 hobgoblins
  2 jackals (D:3)
  A ball python (D:1)
  3 frilled lizards
  2 kobolds
  4 rats
35 creatures vanquished.

Notes
Turn   | Place    | Note
-------+----------+-------------------------------------------
     0 | D:1      | Faca the Formicid Fighter began the quest for the Orb.
     0 | D:1      | Reached XP level 1. HP: 18/18 MP: 1/1
   200 | D:1      | Reached XP level 2. HP: 24/24 MP: 2/2
  1096 | D:2      | Reached XP level 3. HP: 26/29 MP: 3/3
  1117 | D:2      | Reached XP level 4. HP: 23/37 MP: 4/4
  1282 | D:2      | Found a blossoming altar of Fedhas.
  1285 | D:2      | Found a radiant altar of Vehumet.
  1409 | D:2      | Found a faded altar of an unknown god.
  1841 | D:3      | Noticed Jessica
  1850 | D:3      | Killed from afar by an orc priest

Vault maps used:
D:1:      scummos_arrival_hexagon
D:2:      grunt_temple_overflow_open, chequers_ecumenical_altar_simple
D:3:      uniq_jessica

Skill      XL: |  1  2  3  4 |
---------------+-------------+-----
Shields        | 4 |  4.1
Armour         | 4 |  4.0
Axes           | 3 |  3.0
Fighting       | |  3.8
Dodging        | |  0.1

Action                   |  1- 3 |  4- 6 || total
-------------------------+-------+-------++-------
Melee: War axe           |   111 |    54 ||   165
  Use: Scroll            |     7 |     4 ||    11
  Eat: Chunk             |     1 |     1 ||     2
       Meat ration       |       |     1 ||     1
Armor: Scale mail        |    11 |       ||    11
       Chain mail        |    64 |     3 ||    67
       Plate armour      |       |    37 ||    37
Dodge: Dodged            |    20 |    12 ||    32
Block: Shield            |    60 |    27 ||    87
